 Dungeon Crawl Stone Soup version 0.28.0 (webtiles) character file.

Game seed: 9060738195435958680

1085 porpoise the Skirmisher (level 8, -2/61 HPs)
             Began as a Djinni Fire Elementalist on Feb 10, 2022.
             Slain by Duvessa (20 damage)
             ... on level 5 of the Dungeon.
             The game lasted 00:21:08 (7027 turns).

porpoise the Skirmisher (Djinni Fire Elementalist)  Turns: 7027, Time: 00:21:09

Health: -2/61      AC:  3    Str:  8 (9)  XL:     8   Next: 55%
Gold:   106        EV: 12    Int: 15 (17) God:
                   SH:  0    Dex: 14

rFire   + + .      SeeInvis .   a - +0 spear
rCold   x . .      Faith    .   (no shield)
rNeg    . . .      Spirit   .   r - +0 robe
rPois   ∞          Reflect  .   o - +0 helmet
rElec   .          Harm     .   (no cloak)
rCorr   .          Rampage  .   (no gloves)
Will    .....                   (boots unavailable)
Stlth   +++.......              (no amulet)
HPRegen 0.20/turn               (no ring)
MPRegen 0.00/turn               (no ring)

@: flying
A: sickness immunity, fire resistance 2, cold vulnerability 1, float, innate
caster, HP casting, extra vitality 1
a: no special abilities


You were on level 5 of the Dungeon.
You visited 1 branch of the dungeon, and saw 5 of its levels.

You collected 271 gold pieces.
You spent 165 gold pieces at shops.

Inventory:

Hand Weapons
 a - a +0 spear (weapon)
 b - a +0 hunting sling of freezing
Missiles
 e - 2 throwing nets
 f - 152 stones
 l - 3 atropa-tipped darts
 t - 21 sling bullets
 y - 5 curare-tipped darts
 D - 25 arrows
Armour
 o - a +0 helmet (worn)
 r - a +0 robe (worn)
Wands
 s - a wand of digging (4)
 w - a wand of iceblast (10)
Scrolls
 g - a scroll of teleportation
 j - a scroll of blinking
 m - a scroll of brand weapon
 u - 2 scrolls of fear
 v - a scroll of magic mapping
Potions
 p - a potion of curing
 z - 2 potions of mutation


   Skills:
 * Level 5.7 Fighting
 - Level 2.1 Dodging
 + Level 4.0 Stealth
 * Level 5.2 Spellcasting


You couldn't memorise any spells.
You knew the following spells:

 Your Spells              Type           Power      Damage    Failure   Level
a - Foxfire               Conj/Fire      76%        2x1d7     1%          1
b - Scorch                Fire           38%        2d7       2%          2
c - Conjure Flame         Conj/Fire      19%        6-21      5%          3
d - Inner Flame           Hex/Fire       19%        N/A       5%          3
e - Flame Wave            Conj/Fire      19%        2d6       19%         4
p - Passwall              Tmut/Erth      15%        N/A       2%          2
q - Apportation           Tloc           38%        N/A       1%          1
v - Poisonous Vapours     Pois/Air       38%        N/A       2%          2
Your spell library was empty.

Dungeon Overview and Level Annotations

Branches:
Dungeon (5/15)
 Temple: D:4-7

Altars:
Okawaru
Uskayaw
Vehumet
Yredelemnul

Shops:
D:5 *

Annotations:
D:5 Duvessa


Innate Abilities, Weirdness & Mutations

You are immune to sickness and miasma.
You are immune to poison.
Your flesh is very heat resistant. (rF++)
You are vulnerable to cold. (rC-)
You float through the air rather than walking.
You learn spells naturally, not from books.
Your magical power is your life essence.
You have superior vitality. (+4 MHP)


Message History

Flames lash Dowan.
Dowan is burned terribly!
You kill Dowan!
Duvessa screams, "No!
How DARE you!"
Duvessa goes berserk!
The foxfire hits the hound skeleton.
The hound skeleton is lightly damaged.
The foxfire hits the hound skeleton.
The hound skeleton is moderately damaged.
The hound skeleton is engulfed in blazing flames.
You feel your strength returning.
Casting: Scorch (safe; 2% risk of failure)
Confirm with . or Enter, or press ? or * to list all spells.
You conjure some foxfire!
Duvessa is engulfed in blazing flames.
An orc comes into view. It is wielding a +0 whip.
The hound skeleton is engulfed in blazing flames.
You destroy the hound skeleton!
Casting: Foxfire (safe; 1% risk of failure)
Confirm with . or Enter, or press ? or * to list all spells.
Flames lash the orc.
The orc is severely wounded.
The orc's fire resistance burns away.
The foxfire hits Duvessa but does no damage.
Duvessa is severely wounded.
The foxfire hits Duvessa but does no damage.
Duvessa is severely wounded.
Duvessa hits you with a +0 rapier!
Casting: Scorch (safe; 2% risk of failure)
Confirm with . or Enter, or press ? or * to list all spells.
You conjure some foxfire!
Duvessa hits you with a +0 rapier!
Casting: Foxfire (safe; 1% risk of failure)
Confirm with . or Enter, or press ? or * to list all spells.
Flames lash Duvessa.
Duvessa is almost dead.
Duvessa's fire resistance burns away.
* * * LOW HITPOINT WARNING * * *
The foxfire hits Duvessa.
Duvessa is almost dead.
The foxfire hits Duvessa but does no damage.
Duvessa is almost dead.
Duvessa hits you with a +0 rapier!!
You die...

*,,,,,,,,******######**,,######'
********,,,,,,,#....#######.,#..
*****,,,,,,,#............,#..
*,,,,,,,,,,,#...........<,#..
****,***,,,,,,,#............,#..
*,,,,,,,,,,,,,,#.##..#########..
*,***,***,,,,###.##..##.....)...
*,*,,,,,*,,,,+.§§..[..'.).).)...
*,*,,>,,*,,,,#.@......#.......##
*,,,,,,,,,,,,#.e......#.......+,
*,*,,,,,*,,,,##o#######.......#,
*,*,,,,,#.......).............#,
*,***,**#.........e...........#,
*,,,,,,,......................#,
*****,,,......................#,
**,,...............,,,,,,,*,
*****,,...............,,,,,,,*,


You could see Duvessa (berserk, fast, combustible) and an orc (combustible).

Vanquished Creatures
  Pikel (D:3)
  An ogre (D:4)
  A centaur (D:5)
  A lemure (D:3)
  A scorpion (D:4)
  A water moccasin skeleton (D:3)
  Dowan (D:5)
  A scorpion zombie (D:3)
  Jessica (D:3)
  An iguana (D:4)
  2 orc wizards (D:5)
  A hound skeleton (D:5)
  Robin (D:2)
  4 adders
  A shadow imp (D:5)
  A white imp (D:5)
  3 worms
  3 dart slugs
  7 orcs
  5 ball pythons
  3 endoplasms
  2 giant cockroaches
  2 hobgoblins
  4 jackals (D:2)
  2 kobolds (D:1)
  3 quokkas
  A ball python zombie (D:3)
  7 bats
  2 frilled lizards (D:1)
  9 goblins
  7 rats
80 creatures vanquished.

Vanquished Creatures (others)
  257 foxfires
257 creatures vanquished.

Grand Total: 337 creatures vanquished

Notes
Turn   | Place    | Note
-------+----------+-------------------------------------------
     0 | D:1      | porpoise the Djinni Fire Elementalist began the quest for
                  | the Orb.
     0 | D:1      | Reached XP level 1. HP: 15/15 MP: 0/0
   355 | D:1      | Reached XP level 2. HP: 14/22 MP: 0/0
   588 | D:1      | Reached skill level 1 in Fighting
  1526 | D:2      | Found a hide-covered altar of Uskayaw.
  1578 | D:2      | Reached XP level 3. HP: 19/27 MP: 0/0
  1578 | D:2      | Learned a level 1 spell: Apportation
  1829 | D:2      | Found a faded altar of an unknown god.
  2712 | D:2      | Noticed Robin
  2724 | D:2      | Killed Robin
  2725 | D:2      | Reached XP level 4. HP: 21/33 MP: 0/0
  3604 | D:3      | Noticed Jessica
  3608 | D:3      | Killed Jessica
  3624 | D:3      | Reached XP level 5. HP: 35/39 MP: 0/0
  3624 | D:3      | Learned a level 2 spell: Poisonous Vapours
  3774 | D:3      | Found an iron altar of Okawaru.
  4365 | D:3      | Reached XP level 6. HP: 42/46 MP: 0/0
  4721 | D:3      | Found a basalt altar of Yredelemnul.
  4867 | D:4      | Noticed an ogre
  4874 | D:4      | Killed an ogre
  5428 | D:4      | Identified the +1 leather armour "Gieshiri" {Harm Dex+2}
  5443 | D:4      | Reached XP level 7. HP: 36/52 MP: 0/0
  5443 | D:4      | Learned a level 2 spell: Passwall
  5778 | D:5      | Entered Level 5 of the Dungeon
  5793 | D:5      | Found Tiqoekkea's Assorted Antiques.
  5828 | D:5      | Bought a fuming blue potion for 26 gold pieces
  5828 | D:5      | Bought a fuming grey potion for 26 gold pieces
  5828 | D:5      | Bought a scroll labelled LYGOXO FIFOBLYCH for 29 gold
                  | pieces
  5828 | D:5      | Bought a scroll labelled KUPAKU KUERESM for 29 gold pieces
  5828 | D:5      | Bought a glowing emerald potion for 26 gold pieces
  5828 | D:5      | Bought a scroll labelled IKHLULYRRU for 29 gold pieces
  6213 | D:5      | Noticed Pikel
  6560 | D:3      | Killed Pikel
  6561 | D:3      | Reached skill level 5 in Fighting
  6561 | D:3      | Reached skill level 5 in Spellcasting
  6561 | D:3      | Reached XP level 8. HP: 30/60 MP: 0/0
  7012 | D:5      | Noticed Dowan
  7013 | D:5      | Noticed Duvessa
  7023 | D:5      | Killed Dowan
  7027 | D:5      | Slain by Duvessa

Illustrated notes

Levels and vault maps discovered:
D:1:      wander_arrival_desolate, layout_loops_ring, serial_forest,
          infiniplex_forest_clump_diagonal, infiniplex_forest_straight_2,
          infiniplex_forest_lined_3, infiniplex_forest_straight_4,
          infiniplex_forest_straight_3, infiniplex_forest_lined_2,
          grunt_decor_cap, chequers_big_river, palyth_stone_intersect
D:2:      layout_basic, basic_altar, hellmonk_ecumenical_altar_run_dry,
          uniq_robin
D:3:      layout_rooms, okawaru_ov_weapons_minmay,
          lemuel_zombie_altar_yredelemnul, kennysheep_generic_room_2,
          uniq_jessica
D:4:      layout_rooms, minmay_misc_feat_encased
D:5:      layout_gridville, nicolae_vehumet_radiance, serial_shops,
          nicolae_diamond_shop, st_stairs_3, minmay_manual_moon, uniq_duvessa,
          uniq_pikel

Skill      XL: |  1  2  3  4  5  6  7  8 |
---------------+-------------------------+-----
Fighting       | 1 2 3 4 5 |  5.7
Stealth        | 2 3 4 |  4.0
Spellcasting   | 3 4 5 |  5.2
Dodging        | |  2.1

Action                   |  1- 3 |  4- 6 |  7- 9 || total
-------------------------+-------+-------+-------++-------
Melee: Spear             |    10 |    32 |     6 ||    48
       Punch             |       |     2 |     1 ||     3
 Fire: Hunting sling     |    18 |    13 |       ||    31
 Cast: Foxfire           |    65 |    58 |    37 ||   160
       Scorch            |     2 |     7 |    16 ||    25
       Poisonous Vapours |       |       |     1 ||     1
       Conjure Flame     |       |       |     1 ||     1
Evoke: Wand              |       |       |     1 ||     1
  Use: Scroll            |       |       |    15 ||    15
       Potion            |       |       |     5 ||     5
 Stab: Sleeping          |       |     1 |       ||     1
Armor: Robe              |     8 |     8 |     4 ||    20
Dodge: Dodged            |    16 |    29 |    29 ||    74
